| TOP OF THE 1ST |
|
Kelowna Heat batting - Pitching for Palm Beach Nationals : RHP Jessie Fisher
|
|
Pitching: RHP Jessie Fisher
|
|
|
Batting: LHB Mason Duffy
|
0-0: Ball 1-0: SINGLE (Line Drive, 34D, EV 96.2 MPH)
|
|
Batting: RHB Ryan Roberts
|
0-0: Ball Mason Duffy is caught stealing 2nd base 2-4 1-0: SINGLE (Line Drive, 6M, EV 94.4 MPH)
|
|
Batting: LHB Mike Roberts
|
0-0: Foul Ball, location: 2F 0-1: Called Strike 0-2: Grounds into double play, 4-6-3 (Groundball, 4M, EV 85.6 MPH)
|
| Top of the 1st over - 0 runs, 2 hits, 0 errors, 0 left on base; Kelowna 0 - Palm Beach 0 |
| BOTTOM OF THE 1ST |
|
Palm Beach Nationals batting - Pitching for Kelowna Heat : LHP Matt DeGrado
|
|
Pitching: LHP Matt DeGrado
|
|
|
Batting: RHB Taffounnout Kame
|
0-0: Ball 1-0: Called Strike 1-1: Foul Ball, location: 2F 1-2: Strikes out swinging
|
|
Batting: RHB Aaron Bateman
|
0-0: Called Strike 0-1: Foul Ball, location: 2F 0-2: Ball 1-2: Strikes out looking
|
|
Batting: LHB Chris Williams
|
0-0: Called Strike 0-1: Ball 1-1: Ground out U3 (Groundball, 3, EV 81.9 MPH)
|
| Bottom of the 1st over - 0 runs, 0 hits, 0 errors, 0 left on base; Kelowna 0 - Palm Beach 0 |
| TOP OF THE 2ND |
|
Kelowna Heat batting - Pitching for Palm Beach Nationals : RHP Jessie Fisher
|
|
Batting: RHB Zach Maguire
|
0-0: Ball 1-0: Foul Ball, location: 2F 1-1: Ball 2-1: Swinging Strike 2-2: Fly out, F5 (Popup, 5, EV 75.6 MPH)
|
|
Batting: RHB Tony Harper
|
0-0: Fly out, F9 (Flyball, 9D, EV 93.8 MPH)
|
|
Batting: RHB Malik Sharpless
|
0-0: SINGLE (Line Drive, 56D, EV 94.4 MPH)
|
|
Batting: RHB Vinny Torres
|
0-0: Ball 1-0: Called Strike 1-1: Foul Ball, location: 2F 1-2: Ball 2-2: Foul Ball, location: 2F 2-2: Ball 3-2: SINGLE (Groundball, 6D, EV 96.9 MPH) Malik Sharpless to second Malik Sharpless to third
|
|
Batting: RHB Armando Ramirez
|
0-0: Called Strike 0-1: Ball 1-1: Fielders Choice at 2nd, 5-4 (Groundball, 5L, EV 98.1 MPH)
|
| Top of the 2nd over - 0 runs, 2 hits, 0 errors, 2 left on base; Kelowna 0 - Palm Beach 0 |
| BOTTOM OF THE 2ND |
|
Palm Beach Nationals batting - Pitching for Kelowna Heat : LHP Matt DeGrado
|
|
Batting: RHB Chad Madsen
|
0-0: Ball 1-0: Ball 2-0: SINGLE (Line Drive, 6D, EV 103.8 MPH)
|
|
Batting: RHB Er Le
|
0-0: 2-RUN HOME RUN (Flyball, 7D, EV 100.6 MPH), Distance : 409 ft
|
|
Batting: SHB John Husson
|
0-0: Called Strike 0-1: Foul Ball, location: 2F 0-2: Foul Ball, location: 2F 0-2: Strikes out looking
|
|
Batting: RHB Kenny Ball
|
0-0: Swinging Strike 0-1: Hit by Pitch
|
|
Batting: RHB Joe Simmelink
|
0-0: Ball Passed Ball! Kenny Ball to second 1-0: Swinging Strike 1-1: Ball 2-1: Ball 3-1: Foul Ball, location: 2F 3-2: SINGLE (Groundball, 6M, EV 103.8 MPH) (infield hit) Kenny Ball to third
|
|
Batting: RHB Akira Ishihara
|
0-0: Called Strike 0-1: Called Strike 0-2: Strikes out swinging
|
|
Batting: RHB Taffounnout Kame
|
0-0: Ball 1-0: Called Strike 1-1: SINGLE (Line Drive, 78S, EV 85.6 MPH) Kenny Ball scores Joe Simmelink to second
|
|
Batting: RHB Aaron Bateman
|
0-0: Ball 1-0: Called Strike 1-1: Ball 2-1: Ball 3-1: Base on Balls Joe Simmelink to third Taffounnout Kame to second
|
|
Batting: LHB Chris Williams
|
0-0: Ball 1-0: Swinging Strike Passed Ball! Joe Simmelink scores Taffounnout Kame to third Aaron Bateman to second 1-1: 3-RUN HOME RUN (Flyball, 7D, EV 98.1 MPH), Distance : 411 ft
|
|
Batting: RHB Chad Madsen
|
0-0: Called Strike 0-1: Ball 1-1: Swinging Strike 1-2: Ball 2-2: Strikes out swinging
|
| Bottom of the 2nd over - 7 runs, 5 hits, 0 errors, 0 left on base; Kelowna 0 - Palm Beach 7 |
| TOP OF THE 3RD |
|
Kelowna Heat batting - Pitching for Palm Beach Nationals : RHP Jessie Fisher
|
|
Batting: RHB Josh Truell
|
0-0: Ball 1-0: Ball 2-0: Called Strike 2-1: SOLO HOME RUN (Flyball, 7D, EV 108.1 MPH), Distance : 411 ft
|
|
Batting: LHB Mason Duffy
|
0-0: Ball 1-0: Ball 2-0: SINGLE (Line Drive, 9S, EV 103.8 MPH)
|
|
Batting: RHB Ryan Roberts
|
0-0: Ball Mason Duffy is caught stealing 2nd base 2-4 1-0: Ball 2-0: Fly out, F7 (Flyball, 7, EV 88.8 MPH)
|
|
Batting: LHB Mike Roberts
|
0-0: Ball 1-0: Ball 2-0: Ball 3-0: Called Strike 3-1: SOLO HOME RUN (Flyball, 9D, EV 96.9 MPH), Distance : 375 ft
|
|
Batting: RHB Zach Maguire
|
0-0: Ball 1-0: SINGLE (Groundball, 6M, EV 102.5 MPH)
|
|
Batting: RHB Tony Harper
|
0-0: Ball Zach Maguire steals 2nd base 1-0: Ball 2-0: Ball 3-0: Base on Balls
|
|
Batting: RHB Malik Sharpless
|
0-0: Ball 1-0: DOUBLE (Line Drive, 9LS, EV 88.1 MPH) Zach Maguire scores Tony Harper to third
|
|
Batting: RHB Vinny Torres
|
0-0: Ball 1-0: Ball 2-0: Ball 3-0: Base on Balls
|
|
Batting: RHB Armando Ramirez
|
0-0: Ball 1-0: Swinging Strike 1-1: Swinging Strike 1-2: Ground out 5-3 (Groundball, 56S, EV 87.5 MPH)
|
| Top of the 3rd over - 3 runs, 5 hits, 0 errors, 3 left on base; Kelowna 3 - Palm Beach 7 |
| BOTTOM OF THE 3RD |
|
Palm Beach Nationals batting - Pitching for Kelowna Heat : LHP Matt DeGrado
|
|
Batting: RHB Er Le
|
0-0: Called Strike 0-1: Ball 1-1: Ball 2-1: Ball 3-1: Called Strike 3-2: Foul Ball, location: 2F 3-2: Foul Ball, location: 2F 3-2: Base on Balls
|
|
Batting: SHB John Husson
|
0-0: Ball 1-0: Ball 2-0: Called Strike 2-1: SINGLE (Groundball, 56D, EV 101.2 MPH) Er Le to second
|
|
Batting: RHB Kenny Ball
|
0-0: Ball Passed Ball! Er Le to third John Husson to second 1-0: Foul Ball, location: 2F 1-1: Ball 2-1: DOUBLE (Line Drive, 7LS, EV 94.4 MPH) Er Le scores John Husson scores
|
|
Pitching: LHP Ricky Coats
|
|
|
Batting: RHB Joe Simmelink
|
0-0: Ball 1-0: Ball Wild Pitch! Kenny Ball to third 2-0: Ball 3-0: Base on Balls
|
|
Batting: RHB Akira Ishihara
|
0-0: Called Strike 0-1: Called Strike 0-2: Foul Ball, location: 2F 0-2: Ball 1-2: Foul Ball, location: 2F 1-2: Strikes out looking
|
|
Batting: RHB Taffounnout Kame
|
0-0: Swinging Strike 0-1: Fielders Choice at 2nd, 6-4 (Groundball, 6MD, EV 87.5 MPH) Kenny Ball scores
|
|
Batting: RHB Aaron Bateman
|
0-0: Ball Taffounnout Kame steals 2nd, throwing error, E2 Taffounnout Kame to third 1-0: Ball 2-0: Ball 3-0: Called Strike 3-1: SINGLE (Line Drive, 8LS, EV 91.2 MPH) Taffounnout Kame scores
|
|
Batting: LHB Chris Williams
|
0-0: Ball 1-0: Ball 2-0: Ball 3-0: Base on Balls Aaron Bateman to second
|
|
Pitching: LHP Jason Haas
|
|
|
Batting: RHB Chad Madsen
|
0-0: Called Strike 0-1: Called Strike 0-2: Ground out 5-3 (Groundball, 5S, EV 85.6 MPH)
|
| Bottom of the 3rd over - 4 runs, 3 hits, 1 error, 2 left on base; Kelowna 3 - Palm Beach 11 |
| TOP OF THE 4TH |
|
Kelowna Heat batting - Pitching for Palm Beach Nationals : RHP Jessie Fisher
|
|
Batting: RHB Josh Truell
|
0-0: Called Strike 0-1: Ball 1-1: SINGLE (Line Drive, 7S, EV 103.1 MPH)
|
|
Batting: LHB Mason Duffy
|
0-0: Foul Ball, location: 2F 0-1: Foul Ball, location: 2F 0-2: 2-RUN HOME RUN (Flyball, 9LD, EV 93.1 MPH), Distance : 359 ft
|
|
Pitching: RHP Kiyonaga Nakamura
|
|
|
Batting: RHB Ryan Roberts
|
0-0: Called Strike 0-1: Ball 1-1: Swinging Strike 1-2: Ball 2-2: Foul Ball, location: 2F 2-2: SINGLE (Line Drive, 9S, EV 88.8 MPH)
|
|
Batting: LHB Mike Roberts
|
0-0: Called Strike 0-1: Ball 1-1: Called Strike 1-2: Ball 2-2: Ball 3-2: Foul Ball, location: 2F 3-2: Fly out, F7 (Flyball, 78M, EV 79.4 MPH)
|
|
Batting: RHB Zach Maguire
|
0-0: Ball 1-0: Grounds into double play, 6-4-3 (Groundball, 6, EV 101.9 MPH)
|
| Top of the 4th over - 2 runs, 3 hits, 0 errors, 0 left on base; Kelowna 5 - Palm Beach 11 |
| BOTTOM OF THE 4TH |
|
Palm Beach Nationals batting - Pitching for Kelowna Heat : LHP Jason Haas
|
|
Batting: RHB Er Le
|
0-0: Ball 1-0: Ball 2-0: Ball 3-0: Base on Balls
|
|
Batting: SHB John Husson
|
0-0: Called Strike 0-1: Ball 1-1: Ball 2-1: SINGLE (Flyball, 78S, EV 91.2 MPH) Er Le to second
|
|
Batting: RHB Kenny Ball
|
0-0: Fly out, F8 (Flyball, 89M, EV 90.6 MPH)
|
|
Batting: RHB Joe Simmelink
|
0-0: Ball 1-0: Called Strike 1-1: Fly out, F8 (Line Drive, 8LD, EV 86.2 MPH)
|
|
Batting: RHB Akira Ishihara
|
0-0: Ball Passed Ball! Er Le to third John Husson to second 1-0: Swinging Strike 1-1: Swinging Strike 1-2: Strikes out swinging
|
| Bottom of the 4th over - 0 runs, 1 hit, 0 errors, 2 left on base; Kelowna 5 - Palm Beach 11 |
| TOP OF THE 5TH |
|
Kelowna Heat batting - Pitching for Palm Beach Nationals : RHP Kiyonaga Nakamura
|
|
Batting: RHB Tony Harper
|
0-0: Ball 1-0: Foul Ball, location: 2F 1-1: Hit by Pitch
|
|
Batting: RHB Malik Sharpless
|
0-0: Ball 1-0: Called Strike 1-1: Ball 2-1: Foul Ball, location: 2F 2-2: Ball 3-2: Foul Ball, location: 2F 3-2: Strikes out swinging
|
|
Batting: RHB Vinny Torres
|
0-0: Called Strike 0-1: Ball 1-1: Foul Ball, location: 2F 1-2: Ball 2-2: Strikes out swinging
|
|
Batting: RHB Armando Ramirez
|
0-0: Ball 1-0: Fly out, F7 (Line Drive, 7S, EV 95.0 MPH)
|
| Top of the 5th over - 0 runs, 0 hits, 0 errors, 1 left on base; Kelowna 5 - Palm Beach 11 |
| BOTTOM OF THE 5TH |
|
Palm Beach Nationals batting - Pitching for Kelowna Heat : LHP Jason Haas
|
|
Batting: RHB Taffounnout Kame
|
0-0: Called Strike 0-1: Foul Ball, location: 2F 0-2: Strikes out swinging
|
|
Batting: RHB Aaron Bateman
|
0-0: Called Strike 0-1: Swinging Strike 0-2: Ball 1-2: Ball 2-2: Strikes out swinging
|
|
Batting: LHB Chris Williams
|
0-0: Ball 1-0: SINGLE (Flyball, 8RS, EV 99.4 MPH)
|
|
Batting: RHB Chad Madsen
|
0-0: Ball 1-0: Ball Chris Williams steals 2nd base 2-0: Foul Ball, location: 2F 2-1: Ball 3-1: Foul Ball, location: 2F 3-2: 2-RUN HOME RUN (Flyball, 7D, EV 103.1 MPH), Distance : 412 ft
|
|
Batting: RHB Er Le
|
0-0: Ball 1-0: Ball 2-0: SINGLE (Line Drive, 56D, EV 110.6 MPH)
|
|
Batting: SHB John Husson
|
0-0: SINGLE (Groundball, 6MD, EV 105.0 MPH) Er Le to second
|
|
Batting: RHB Kenny Ball
|
0-0: Ball 1-0: Ball 2-0: Ball Wild Pitch! Er Le to third John Husson to second 3-0: Base on Balls
|
|
Batting: RHB Joe Simmelink
|
0-0: SINGLE (Groundball, 5D, EV 110.0 MPH) Er Le scores John Husson to third Kenny Ball to second Runner from 3rd tries for Home, SAFE, throw by LF to home
|
|
Pitching: LHP Jordan Ruiz
|
|
|
Batting: RHB Akira Ishihara
|
0-0: Ball 1-0: Called Strike 1-1: Foul Ball, location: 2F 1-2: Strikes out swinging
|
| Bottom of the 5th over - 4 runs, 5 hits, 0 errors, 2 left on base; Kelowna 5 - Palm Beach 15 |
| TOP OF THE 6TH |
|
Kelowna Heat batting - Pitching for Palm Beach Nationals : RHP Kiyonaga Nakamura
|
|
Batting: RHB Josh Truell
|
0-0: Called Strike 0-1: Foul Ball, location: 2F 0-2: Ball 1-2: Strikes out swinging
|
|
Batting: LHB Mason Duffy
|
0-0: Ball 1-0: Ball 2-0: Called Strike 2-1: Ground out U3 (Groundball, 34, EV 100.6 MPH)
|
|
Batting: RHB Ryan Roberts
|
0-0: Ball 1-0: Foul Ball, location: 2F 1-1: Ball 2-1: Foul Ball, location: 2F 2-2: Ball 3-2: Foul Ball, location: 2F 3-2: Base on Balls
|
|
Batting: LHB Mike Roberts
|
0-0: Ball 1-0: Called Strike 1-1: Foul Ball, location: 2F 1-2: SINGLE (Groundball, 4M, EV 103.1 MPH) (infield hit) Ryan Roberts to second
|
|
Pitching: RHP Mike Hamilton
|
|
|
Batting: RHB Zach Maguire
|
0-0: Fly out, F7 (Line Drive, 7S, EV 90.0 MPH)
|
| Top of the 6th over - 0 runs, 1 hit, 0 errors, 2 left on base; Kelowna 5 - Palm Beach 15 |
| BOTTOM OF THE 6TH |
|
Palm Beach Nationals batting - Pitching for Kelowna Heat : LHP Jordan Ruiz
|
|
Batting: RHB Taffounnout Kame
|
0-0: SINGLE (Flyball, 34D, EV 95.6 MPH)
|
|
Batting: RHB Aaron Bateman
|
0-0: Called Strike 0-1: Ball 1-1: Foul Ball, location: 2F 1-2: SINGLE (Flyball, 8LS, EV 98.8 MPH) Taffounnout Kame to second Runner from 2nd tries for 3rd, SAFE, throw by CF made to third
|
|
Batting: LHB Chris Williams
|
0-0: Called Strike 0-1: Ball 1-1: Called Strike 1-2: Foul Ball, location: 2F 1-2: Fielders Choice at 2nd, 5-4 (Groundball, 56, EV 106.9 MPH) Taffounnout Kame scores
|
|
Batting: RHB Chad Madsen
|
0-0: Ball 1-0: Ball 2-0: Called Strike 2-1: Foul Ball, location: 2F 2-2: Grounds into double play, 6-4-3 (Groundball, 6, EV 80.6 MPH)
|
| Bottom of the 6th over - 1 run, 2 hits, 0 errors, 0 left on base; Kelowna 5 - Palm Beach 16 |
| TOP OF THE 7TH |
|
Kelowna Heat batting - Pitching for Palm Beach Nationals : RHP Mike Hamilton
|
|
Pinch Hitting: RHB Tsugio Yamaguchi
|
0-0: Foul Ball, location: 2F 0-1: Swinging Strike 0-2: Foul Ball, location: 2F 0-2: Ball 1-2: Foul Ball, location: 2F 1-2: Foul Ball, location: 2F 1-2: Hit by Pitch
|
|
Batting: RHB Malik Sharpless
|
0-0: Called Strike 0-1: Ball Balk! Tsugio Yamaguchi to second 1-1: Fly out, F1 (Popup, P, EV 71.9 MPH)
|
|
Batting: RHB Vinny Torres
|
0-0: Called Strike 0-1: Ball 1-1: Ball 2-1: Foul Ball, location: 2F 2-2: Foul Ball, location: 2F 2-2: Ground out 5-3 (Groundball, 56S, EV 78.8 MPH)
|
|
Pinch Hitting: LHB Alex Larangho
|
0-0: Ball 1-0: Ball 2-0: Called Strike 2-1: Foul Ball, location: 2F 2-2: Ground out 2-3 (Groundball, 2L, EV 70.0 MPH)
|
| Top of the 7th over - 0 runs, 0 hits, 0 errors, 1 left on base; Kelowna 5 - Palm Beach 16 |
| BOTTOM OF THE 7TH |
|
Palm Beach Nationals batting - Pitching for Kelowna Heat : LHP Jordan Ruiz
|
|
Now at 3B: Dave Putnam
|
|
|
Now in LF: Ricky Aguilar
|
|
|
Batting: RHB Er Le
|
0-0: Fly out, F8 (Flyball, 8RD, EV 78.8 MPH)
|
|
Batting: SHB John Husson
|
0-0: Called Strike 0-1: Swinging Strike 0-2: Strikes out looking
|
|
Batting: RHB Kenny Ball
|
0-0: Called Strike 0-1: Swinging Strike 0-2: Ball 1-2: Ball 2-2: Foul Ball, location: 2F 2-2: Strikes out swinging
|
| Bottom of the 7th over - 0 runs, 0 hits, 0 errors, 0 left on base; Kelowna 5 - Palm Beach 16 |
| TOP OF THE 8TH |
|
Kelowna Heat batting - Pitching for Palm Beach Nationals : RHP Mike Hamilton
|
|
Batting: RHB Josh Truell
|
0-0: Swinging Strike 0-1: Swinging Strike 0-2: Ball 1-2: Ball 2-2: Foul Ball, location: 2F 2-2: Fly out, F9 (Flyball, 9, EV 90.6 MPH)
|
|
Batting: LHB Mason Duffy
|
0-0: Ball 1-0: Called Strike 1-1: Foul Ball, location: 2F 1-2: Fly out, F9 (Flyball, 89M, EV 78.1 MPH)
|
|
Batting: RHB Ryan Roberts
|
0-0: Foul Ball, location: 2F 0-1: Ball 1-1: Ball 2-1: Ball 3-1: Base on Balls
|
|
Batting: LHB Mike Roberts
|
0-0: Called Strike 0-1: Ball 1-1: Called Strike 1-2: SINGLE (Line Drive, 9LS, EV 92.5 MPH) Ryan Roberts to second Runner from 2nd tries for 3rd, SAFE, throw by RF made to third
|
|
Batting: RHB Zach Maguire
|
0-0: Ground out 4-3 (Groundball, 4, EV 82.5 MPH)
|
| Top of the 8th over - 0 runs, 1 hit, 0 errors, 2 left on base; Kelowna 5 - Palm Beach 16 |
| BOTTOM OF THE 8TH |
|
Palm Beach Nationals batting - Pitching for Kelowna Heat : LHP Jordan Ruiz
|
|
Batting: RHB Joe Simmelink
|
0-0: Foul Ball, location: 2F 0-1: Foul Ball, location: 2F 0-2: Ball 1-2: Ground out 6-3 (Groundball, 6, EV 77.5 MPH)
|
|
Batting: RHB Akira Ishihara
|
0-0: Foul Ball, location: 2F 0-1: Called Strike 0-2: Ball 1-2: Strikes out looking
|
|
Batting: RHB Taffounnout Kame
|
0-0: Called Strike 0-1: Ball 1-1: Ball 2-1: Ball 3-1: Ground out 6-3 (Groundball, 6, EV 82.5 MPH)
|
| Bottom of the 8th over - 0 runs, 0 hits, 0 errors, 0 left on base; Kelowna 5 - Palm Beach 16 |
| TOP OF THE 9TH |
|
Kelowna Heat batting - Pitching for Palm Beach Nationals : RHP Mike Hamilton
|
|
Batting: RHB Dave Putnam
|
0-0: Foul Ball, location: 2F 0-1: Swinging Strike 0-2: Ball 1-2: Hit by Pitch
|
|
Pinch Hitting: RHB Jaime Rios
|
0-0: Fly out, F8 (Flyball, 8RD, EV 105.0 MPH)
|
|
Pinch Hitting: LHB Chris West
|
0-0: Ball 1-0: Called Strike 1-1: Grounds into double play, 4-6-3 (Groundball, 4, EV 103.8 MPH)
|
| Top of the 9th over - 0 runs, 0 hits, 0 errors, 0 left on base; Kelowna 5 - Palm Beach 16 |
|